AoeStats
← Dande1987

Glade

510400954Analyzed
1v1 RM · 23h ago on Sep 30, 2026· 38m 26s· 2 players
Game mode
Random Map
Map size
Tiny (2 player)
Population
200
Speed
Normal
Resources
Standard
Victory
Conquest
Starting age
Dark Age
Ending age
Imperial Age
RankedLock teamsTeams togetherTeam positionsShared explorationLock speedFull tech treeHidden civsTurbo modeCheats
Victory
Defeat
🇪🇸 Bohemians · Spain
606
+13
🇧🇷 Lithuanians · Brazil
545
-13
Dr Tiamate
7:13 Loom
10:23 Feudal Age
16:41 Wheelbarrow
16:53 Double-Bit Axe
16:50 Horse Collar
17:04 Gold Mining
21:54 Castle Age
20:19 Stone Mining
22:30 Forging
24:39 Scale Barding Armor
27:39 Iron Casting
33:18 Chain Barding Armor
33:45 Crossbowman
34:30 Thumb Ring
34:41 Elite Skirmisher
36:11 Husbandry
36:23 Bloodlines
Dande1987
3:08 Loom
4:30 Loom
10:12 Feudal Age
11:50 Wheelbarrow
12:14 Double-Bit Axe
14:14 Town Watch
14:10 Man-at-Arms
15:30 Arson
17:06 Horse Collar
18:32 Scale Mail Armor
18:42 Forging
23:18 Castle Age
24:05 Pikeman
24:08 Long Swordsman
25:11 Town Patrol
26:50 Squires
27:33 Hand Cart
27:31 Heavy Plow
29:05 Bow Saw
29:47 Chain Mail Armor
30:08 Iron Casting
31:39 Scale Barding Armor
31:35 Padded Archer Armor
36:49 Imperial Age
35:52 Wagenburg Tactics
36:32 Guard Tower
36:53 Fortified Wall
36:54 Masonry
Connection lost

Rejoining the realm…

Still unreachable

The connection could not be restored.

Session expired

The server has moved on; the page needs a fresh start.